Map: 10000 Feet LE

Players

Elazer - Winner!

  • Race: Zerg Zerg
  • League: Master
  • Spawn Location: 5:00

Fjant

  • Race: Zerg Zerg
  • League: Grandmaster
  • Spawn Location: 11:00

VOD

Have the link to the VOD?

Description

Time

  • Played on: Jan. 31, 2026, 8:32 a.m.
  • Length: 9:42
Show
View Real Time Build Order
Export as new Build Order

Elazer Zerg - Winner!

Build Orders: Hatch First 

Get SALT Encoding   

  12  0:00  Drone  
  13  0:08  Drone  
  14  0:14  Extractor, Drone  
  15  0:21  Overlord  
  15  0:39  Drone  
  16  0:44  Hatchery  
  16  0:48  Drone  
  16  0:52  Drone  
  16  0:56  Drone  
  18  1:06  Extractor  
  18  1:10  Spawning Pool  
  16  1:14  Drone  
  16  1:17  Drone  
  18  1:26  Drone  
  19  1:57  Zergling x6, Queen x2  
  19  1:58  Zergling x2  
  27  2:16  Zergling x2  
  24  2:30  Overlord  
  23  2:44  Overlord  
  23  2:58  Drone x2  
  25  3:01  Overlord  
  25  3:09  Zergling x14  
  25  3:11  Zergling x2  
  32  3:16  Spine Crawler  
  32  3:19  Zergling x2  
  32  3:21  Zergling x2  
  33  3:28  Zergling x2  
  33  3:29  Zergling x2  
  35  3:36  Zergling x2  
  35  3:37  Zergling x2  
  32  3:49  Zergling x2  
  30  3:56  Drone x2  
  32  4:08  Drone  
  32  4:09  Drone  
  34  4:13  Overlord  
  34  4:19  Zergling x6  
  37  4:32  Overlord  
  37  4:34  Spine Crawler  
  36  4:42  Zergling x8  
  39  4:50  Spine Crawler  
  38  4:55  Evolution Chamber  
  38  4:59  Evolution Chamber  
  37  5:09  Spine Crawler  
  37  5:12  Spine Crawler  
  36  5:14  Metabolic Boost  
  36  5:17  Overlord  
  36  5:25  Baneling Nest  
  29  5:41  Drone x2  
  26  5:48  Zergling x4  
  26  5:57  Zergling x6  
  26  6:03  Zergling x2  
  30  6:07  Zergling x2  
  31  6:18  Zergling x8  
  35  6:26  Drone  
  36  6:35  Baneling x2  
  36  6:37  Drone x2  
  38  6:43  Drone x2  
  40  6:47  Baneling x2  
  40  6:51  Drone x2  
  42  6:57  Drone x3  
  45  7:06  Overlord  
  44  7:09  Drone x3  
  44  7:14  Drone x2  
  48  7:25  Drone x2  
  49  7:38  Hatchery  
  49  7:39  Baneling x2  
  49  7:41  Drone x5  
  53  7:49  Baneling  
  53  7:50  Baneling  
  53  7:52  Queen  
  53  7:55  Extractor, Roach Warren  
  53  7:57  Drone  
  54  7:59  Drone x2  
  54  8:02  Drone  
  54  8:04  Drone  
  58  8:06  Drone x2  
  58  8:12  Overlord  
  60  8:15  Drone x2  
  62  8:22  Overlord  
  61  8:30  Overlord  
  61  8:35  Extractor  
  61  8:37  Roach x6  
  72  8:41  Roach  
  74  8:51  Roach x2  
  74  8:54  Roach  
  80  9:00  Roach  
  80  9:01  Roach x6  
  94  9:04  Roach x2  
  98  9:15  Roach x3  
  103  9:21  Overlord x2  
Show
View Real Time Build Order
Export as new Build Order

Fjant Zerg 

Build Orders: Pool First 

Get SALT Encoding   

  12  0:17  Spawning Pool  
  11  0:22  Drone  
  11  0:26  Drone  
  13  0:31  Drone  
  14  0:39  Overlord  
  14  0:59  Extractor  
  14  1:03  Zergling x2, Queen  
  14  1:04  Zergling x2  
  17  1:05  Zergling x2  
  18  1:16  Zergling x2  
  19  1:26  Zergling x2  
  20  1:40  Hatchery  
  19  1:47  Zergling x2  
  20  1:56  Zergling x2  
  21  2:07  Metabolic Boost  
  21  2:09  Zergling x2  
  22  2:17  Overlord  
  20  2:24  Zergling x2  
  20  2:29  Zergling x2  
  20  2:31  Zergling x2  
  20  2:35  Zergling x2  
  22  2:45  Zergling x2  
  22  2:52  Zergling x2  
  22  2:58  Zergling x2  
  24  3:03  Zergling x2  
  25  3:06  Zergling x2  
  26  3:14  Zergling x2  
  26  3:18  Zergling x2  
  28  3:39  Zergling x2  
  26  3:42  Zergling x2  
  26  3:43  Zergling x4  
  26  3:46  Zergling x2  
  26  3:47  Zergling x2  
  28  3:49  Zergling x2  
  28  3:53  Zergling x2  
  28  3:54  Zergling x2  
  27  3:59  Drone x2  
  28  4:05  Overlord  
  28  4:18  Baneling Nest  
  27  4:28  Zergling x4  
  29  4:32  Zergling x2  
  30  4:45  Zergling x4  
  32  4:58  Overlord  
  33  5:00  Zergling x2  
  33  5:02  Baneling x3  
  33  5:07  Baneling x2  
  33  5:15  Zergling x2  
  33  5:17  Baneling  
  35  5:21  Zergling x2  
  27  5:38  Zergling x8  
  25  5:42  Zergling x2  
  23  5:52  Zergling x2  
  23  5:53  Zergling x2  
  23  5:58  Drone  
  23  6:02  Drone  
  24  6:06  Drone  
  24  6:11  Drone  
  26  6:16  Drone  
  27  6:24  Zergling x4  
  29  6:30  Zergling x2  
  30  6:34  Zergling x2  
  30  6:36  Zergling x2  
  30  6:38  Zergling x2  
  33  6:41  Zergling x2  
  33  6:44  Baneling x2  
  33  6:46  Baneling x2  
  34  6:50  Zergling x2  
  34  6:52  Baneling  
  34  6:53  Baneling  
  33  7:06  Drone x3  
  36  7:14  Baneling  
  36  7:15  Baneling  
  35  7:17  Drone x3  
  35  7:18  Zergling x2  
  39  7:28  Drone  
  39  7:29  Overlord  
  40  7:34  Drone  
  40  7:35  Extractor  
  40  7:40  Drone x2  
  42  7:50  Drone x3  
  45  8:03  Roach Warren  
  45  8:05  Extractor  
  43  8:07  Drone x3  
  43  8:09  Overlord  
  43  8:20  Overlord x2  
  42  8:42  Roach  
  42  8:43  Roach x4  
  42  8:45  Roach  
  54  8:51  Roach  
  54  8:52  Roach x2  
  62  8:55  Roach  
  62  8:58  Roach  
  64  9:06  Roach  
  64  9:08  Roach  
  68  9:18  Overlord  
  68  9:23  Baneling x7  
Tags
 
Add a new tag
Caveats
  • Supply blocks, unpowered buildings, or Contaminate may cause inaccurate times.
  • Supply counts are checked every 10 seconds.